 Dungeon Crawl Stone Soup version 0.31-a0-654-gbe3e110b4e (webtiles) character file.

Game seed: 9775057870089289474

198 cforsyth the Charlatan (level 5, -13/41 HPs)
             Began as a Gnoll Artificer on Aug 29, 2023.
             Mangled by Prince Ribbit (14 damage)
             ... on level 7 of the Dungeon.
             The game lasted 00:03:01 (2574 turns).

cforsyth the Charlatan (Gnoll Artificer)            Turns: 2574, Time: 00:03:02

Health: -13/41     AC:  9    Str: 11    XL:     5   Next: 76%
Magic:  7/7        EV:  6    Int:  8    God:
Gold:   65         SH:  7    Dex: 13    Spells: 7/7 levels left

rFire   . . .        f - +1 spear (venom)
rCold   . . .        s - +3 buckler "Golenyll" {rN+ Will++ Int-4}
rNeg    + . .        u - +0 chain mail
rPois   .            (no helmet)
rElec   .            (no cloak)
rCorr   .            (no gloves)
SInv    .            (no boots)
Will    ++...        (no amulet) Stlth
                     (no ring)
HPRegen 0.26/turn    (no ring)
MPRegen 0.10/turn

%: no passive effects
@: hasted, very quick
A: fangs 1, strong nose, distributed training
a: no special abilities


You were on level 7 of the Dungeon.
You visited 1 branch of the dungeon, and saw 5 of its levels.

You collected 65 gold pieces.

Inventory:

Hand Weapons
 a - a +0 club
 f - a +1 spear of venom (weapon)
Armour
 b - a +0 leather armour
 k - a +0 kite shield
 s - the +3 buckler "Golenyll" (worn) {rN+ Will++ Int-4}
   (You found it on level 3 of the Dungeon)

   Int-4:     It affects your intelligence (-4).
   rN+:       It protects you from negative energy.
   Will++:    It greatly increases your willpower.
 u - a +0 chain mail (worn)
Jewellery
 g - a ring of positive energy
 p - a +5 ring of evasion
Wands
 c - a wand of flame (15) (quivered)
 d - a wand of charming (13)
 e - a wand of iceblast (5)
Scrolls
 h - a scroll of brand weapon {unknown}
 i - 3 scrolls of noise {unknown}
 j - 3 scrolls of teleportation {unknown}
 l - 4 scrolls of identify {unknown}
 m - 2 scrolls of vulnerability {unknown}
 n - 2 scrolls of immolation {unknown}
 t - 2 scrolls of enchant weapon {unknown}
Potions
 o - 2 potions of berserk rage {unknown}
 q - 2 potions of haste
 r - 2 potions of heal wounds {unknown}
 v - a potion of curing {unknown}
 w - a potion of lignification {unknown}
 x - a potion of cancellation {unknown}


   Skills:
 + Level 3.1 Fighting
 + Level 1.6 Short Blades
 + Level 1.6 Long Blades
 + Level 1.6 Axes
 + Level 1.6 Maces & Flails
 + Level 1.6 Polearms
 + Level 1.6 Staves
 + Level 1.6 Ranged Weapons
 + Level 1.6 Throwing
 + Level 4.8 Armour
 + Level 3.1 Dodging
 + Level 2.9 Stealth
 + Level 1.6 Shields
 + Level 1.6 Unarmed Combat
 + Level 1.6 Spellcasting
 + Level 1.3 Conjurations
 + Level 1.3 Hexes
 + Level 1.3 Summonings
 + Level 1.3 Necromancy
 + Level 1.3 Translocations
 + Level 1.3 Transmutations
 + Level 1.3 Fire Magic
 + Level 1.3 Ice Magic
 + Level 1.3 Air Magic
 + Level 1.3 Earth Magic
 + Level 1.3 Poison Magic
 + Level 1.9 Invocations
 + Level 6.7 Evocations
 + Level 1.5 Shapeshifting


You had 7 spell levels left.
You didn't know any spells.
Your spell library contained the following spells:

 Spells                   Type           Power      Damage    Failure   Level
 Dazzling Flash           Conj/Hex       4%         N/A       100%        3
 Tukima's Dance           Hex            2%         N/A       100%        3
 Passage of Golubria      Tloc           2%         N/A       100%        4
 Agony                    Necr           2%         N/A       100%        5
 Silence                  Hex/Air        1%         N/A       100%        5
 Yara's Violent Unravell  Hex/Tmut       1%         3d3       100%        5


Dungeon Overview and Level Annotations

Branches:
Dungeon (7/15)
 Temple: D:4-7

Altars:

Shops:
D:2 :

Annotations:
D:7 Prince Ribbit


Innate Abilities, Weirdness & Mutations

You have very sharp teeth.
Your uncanny sense of smell can sniff out nearby items.
Your experience applies equally to all skills.


Message History

Prince Ribbit blinks!
A water moccasin comes into view.
Found a stone staircase leading up.
The water moccasin hisses angrily.
You miss Prince Ribbit. Your bite misses Prince Ribbit. Prince Ribbit hits you!
You block Prince Ribbit's attack.
You miss Prince Ribbit. The water moccasin bites you.
Prince Ribbit hits you but does no damage.
You hit Prince Ribbit.
Prince Ribbit is lightly wounded.
The water moccasin bites you. Prince Ribbit hits you!
The water moccasin bites you but does no damage.
Prince Ribbit hits you but does no damage.
You hit Prince Ribbit.
Prince Ribbit is poisoned.
Prince Ribbit is moderately wounded.
The water moccasin bites you. Prince Ribbit hits you!
* * * LOW HITPOINT WARNING * * *
The water moccasin bites you.
* * * LOW HITPOINT WARNING * * *
You are too injured to fight recklessly!
You are too injured to fight recklessly!
You are too injured to fight recklessly!
You are too injured to fight recklessly!
You are too injured to fight recklessly!
You are too injured to fight recklessly!
Aiming: Charm
Press: ? - help, Shift-Dir - straight line, f - water moccasin
Aim: a water moccasin (chance to affect: 65%)
The water moccasin struggles to resist.
You block Prince Ribbit's attack.
The water moccasin bites you but does no damage.
Prince Ribbit blinks!
Aiming: Charm
Press: ? - help, Shift-Dir - straight line, f/p - water moccasin
Aim: a water moccasin (chance to affect: 65%)
The water moccasin struggles to resist.
The water moccasin bites you.
* * * LOW HITPOINT WARNING * * *
Prince Ribbit hits you but does no damage.
It was a potion of haste.
You feel yourself speed up. You block the water moccasin's attack.
Prince Ribbit hits you!
You die...

## .. #.. # ...######
#.# .# .
........###.####.##..
.>.......##..<.......
.........#.......#
...#####.#..#@S#.# ..
#.#..F....# .
#.......#.# ###.###.#
# #..! <.. #####.###
.# ..


You could see Prince Ribbit (very poisoned) and a water moccasin.

Vanquished Creatures
  12 adders
  2 worms (D:2)
  2 dart slugs (D:2)
  2 orcs (D:3)
  3 bats
  10 endoplasms
  4 giant cockroaches
  10 goblins
  9 hobgoblins
  4 quokkas
  6 ball pythons
  4 frilled lizards
  4 kobolds
  6 rats
78 creatures vanquished.

Notes
Turn   | Place    | Note
-------+----------+-------------------------------------------
     0 | D:1      | cforsyth the Gnoll Artificer began the quest for the Orb.
     0 | D:1      | Reached XP level 1. HP: 17/17 MP: 1/1
   147 | D:1      | Reached XP level 2. HP: 22/23 MP: 2/2
   951 | D:2      | Reached XP level 3. HP: 28/28 MP: 3/3
   967 | D:2      | Reached skill level 1 in Invocations
  1064 | D:2      | Reached skill level 1 in Short Blades
  1064 | D:2      | Reached skill level 1 in Long Blades
  1064 | D:2      | Reached skill level 1 in Axes
  1064 | D:2      | Reached skill level 1 in Maces & Flails
  1064 | D:2      | Reached skill level 1 in Polearms
  1064 | D:2      | Reached skill level 1 in Staves
  1064 | D:2      | Reached skill level 1 in Ranged Weapons
  1064 | D:2      | Reached skill level 1 in Throwing
  1064 | D:2      | Reached skill level 1 in Shields
  1064 | D:2      | Reached skill level 1 in Unarmed Combat
  1064 | D:2      | Reached skill level 1 in Spellcasting
  1152 | D:2      | Reached XP level 4. HP: 23/34 MP: 5/5
  1221 | D:2      | Reached skill level 1 in Shapeshifting
  1458 | D:2      | Reached skill level 1 in Conjurations
  1458 | D:2      | Reached skill level 1 in Hexes
  1458 | D:2      | Reached skill level 1 in Summonings
  1458 | D:2      | Reached skill level 1 in Necromancy
  1458 | D:2      | Reached skill level 1 in Translocations
  1458 | D:2      | Reached skill level 1 in Transmutations
  1458 | D:2      | Reached skill level 1 in Fire Magic
  1458 | D:2      | Reached skill level 1 in Ice Magic
  1458 | D:2      | Reached skill level 1 in Air Magic
  1458 | D:2      | Reached skill level 1 in Earth Magic
  1458 | D:2      | Reached skill level 1 in Poison Magic
  1506 | D:2      | Found Dunigoac's Book Shoppe.
  1748 | D:3      | Identified the +3 buckler "Golenyll" {rN+ Will++ Int-4}
  1856 | D:3      | Reached XP level 5. HP: 40/40 MP: 5/7
  2555 | D:4      | You fall into a shaft and drop 3 floors!
  2563 | D:7      | Noticed Prince Ribbit
  2565 | D:7      | Noticed a water moccasin
  2573 | D:7      | HP: 1/41 [water moccasin (6)]
  2574 | D:7      | Mangled by Prince Ribbit

Illustrated notes

Levels and vault maps discovered:
D:1:      minmay_arrival_up_and_down, layout_loops_corners,
          minmay_misc_feat_plants
D:2:      minmay_skewed_foursquare, layout_rooms, serial_shops,
          nicolae_shop_real_fake_doors
D:3:      layout_loops_ring, st_stairs_1, chequers_serial_rivers_room_b,
          minmay_snake_closets
D:4:      layout_basic, nicolae_dithmenos_shadow_blocks
D:7:      layout_loops_cross, mainiacjoe_overflow_catch_the_wave,
          uniq_prince_ribbit1, uniq_joseph

Skill      XL: |  1  2  3  4  5 |
---------------+----------------+-----
Invocations    | 1 |  1.9
Short Blades   | 1 |  1.6
Long Blades    | 1 |  1.6
Axes           | 1 |  1.6
Maces & Flails | 1 |  1.6
Polearms       | 1 |  1.6
Staves         | 1 |  1.6
Ranged Weapons | 1 |  1.6
Throwing       | 1 |  1.6
Shields        | 1 |  1.6
Unarmed Combat | 1 |  1.6
Spellcasting   | 1 |  1.6
Shapeshifting  | 1 |  1.5
Conjurations   | 1 |  1.3
Hexes          | 1 |  1.3
Summonings     | 1 |  1.3
Necromancy     | 1 |  1.3
Translocations | 1 |  1.3
Transmutations | 1 |  1.3
Fire Magic     | 1 |  1.3
Ice Magic      | 1 |  1.3
Air Magic      | 1 |  1.3
Earth Magic    | 1 |  1.3
Poison Magic   | 1 |  1.3
Fighting       | 3 |  3.1
Dodging        | 3 |  3.1
Armour         | |  4.8
Stealth        | |  2.9
Evocations     | |  6.7

Action                     |  1- 3 |  4- 6 || total
---------------------------+-------+-------++-------
  Melee: Club              |    15 |       ||    15
         Bite              |    14 |    10 ||    24
         Spear             |    75 |   134 ||   209
         Punch             |     2 |       ||     2
  Evoke: Wand              |       |     2 ||     2
    Use: Potion            |       |     1 ||     1
   Stab: Sleeping          |     4 |     5 ||     9
 Armour: Leather armour    |    16 |     7 ||    23
         Chain mail        |       |    30 ||    30
  Dodge: Dodged            |    31 |    22 ||    53
  Block: Kite shield       |    13 |    13 ||    26
         Buckler           |       |    23 ||    23

Table legend: (Time is in decaauts)
 A = Elapsed time spent in this place.
 B = Non-inter-level travel time spent in this place.
 C = Inter-level travel time spent in this place.
 D = Time resting spent in this place.
 E = Time spent auto-exploring this place.
 F = Levels seen in this place.
 G = Mean time per level.
                   A        B        C        D        E       F      G
               +--------+--------+--------+--------+--------+-----+--------+
         Total |   2622 |   2522 |    100 |      0 |   2009 |   5 |  524.4 |
       Dungeon |   2622 |   2522 |    100 |      0 |   2009 |   5 |  524.4 |
               +--------+--------+--------+--------+--------+-----+--------+

Top non-repeatable levels by time:
     D:1: 917 daAuts
     D:3: 847 daAuts
     D:2: 787 daAuts
     D:4: 51 daAuts
     D:7: 19 daAuts
